 Dungeon Crawl Stone Soup version 0.31-a0-214-gb37851dbb3 (webtiles) character file.

Game seed: 9502005535346416304

97 qw the Shooter (level 4, -3/26 HPs)
             Began as a Gargoyle Hexslinger on July 1, 2023.
             Slain by an orc
             ... wielding a +1 flail of holy wrath
              (5 damage)
             ... on level 2 of the Dungeon.
             The game lasted 00:00:38 (1230 turns).

qw the Shooter (Gargoyle Hexslinger)                Turns: 1230, Time: 00:00:39

Health: -3/26      AC:  6    Str: 12    XL:     4   Next: 68%
Magic:  5/5        EV: 11    Int: 13    God:
Gold:   96         SH:  0    Dex: 14    Spells: 4/5 levels left

rFire   . . .        Y - +1 sling
rCold   . . .        (no shield)
rNeg    + . .        f - +0 leather armour
rPois   inf          (no helmet)
rElec   +            (no cloak)
rCorr   .            (no gloves)
SInv    .            (no boots)
Will    .....        (no amulet)
Stlth   +            (no ring)
HPRegen 0.24/turn    (no ring)
MPRegen 0.09/turn

%: no passive effects
@: no status effects
A: sickness immunity, AC +3, negative energy resistance 1, electricity
resistance, torment resistance 1, petrification resistance
a: no special abilities


You were on level 2 of the Dungeon.
You visited 1 branch of the dungeon, and saw 2 of its levels.

You collected 96 gold pieces.


Innate Abilities, Weirdness & Mutations

You are immune to sickness and miasma.
Your stone body is resilient. (AC +3)
You are immune to poison.
You resist negative energy. (rN+)
You are resistant to electric shocks. (rElec)
You are resistant to unholy torment.
You are immune to petrification.


   Skills:
 - Level 2.0 Fighting
 + Level 4.4 Ranged Weapons
 - Level 1.5 Dodging
 - Level 1.0 Spellcasting
 - Level 2.6 Hexes


You had 4 spell levels left.
You knew the following spells:

 Your Spells              Type           Power      Damage    Failure   Level
a - Slow                  Hex            28%        N/A       12%         1

Your spell library contained the following spells:

 Spells                   Type           Power      Damage    Failure   Level
 Inner Flame              Hex/Fire       4%         N/A       52%         3
 Portal Projectile        Hex/Tloc       8%         N/A       52%         3
 Cause Fear               Hex            3%         N/A       75%         4

Inventory:

Hand Weapons
 Y - a +1 sling (weapon)
Armour
 f - a +0 leather armour (worn)
Scrolls
 a - 3 scrolls of identify

Dungeon Overview and Level Annotations

Branches:
Dungeon (2/15)

Altars:


Message History

You kill the orc!
You shoot a sling bullet. The sling bullet barely misses the orc.
The sling bullet hits the orc.
The orc is heavily wounded.
The orc hits you but does no damage.
You shoot a sling bullet. The sling bullet hits the orc.
The orc is heavily wounded.
The orc closely misses you.
You shoot a sling bullet.
The sling bullet hits the orc but does no damage.
The orc is heavily wounded.
You shoot a sling bullet. The sling bullet barely misses the orc.
The orc hits you with a +0 flail. The orc barely misses you.
You shoot a sling bullet. The sling bullet barely misses the orc.
The orc hits you but does no damage. x2; The orc hits you with a +0 hand axe.
You shoot a sling bullet. The sling bullet barely misses the orc.
The orc hits you but does no damage. The orc hits you with a +0 whip.
The orc closely misses you. The orc hits you with a +0 flail.
An orc comes into view.
It is wielding a +1 flail of holy wrath.
The orc misses you. The orc hits you with a +0 whip.
You shoot a sling bullet.
The sling bullet hits the orc but does no damage.
The orc is heavily wounded.
The orc hits you but does no damage. x2; The orc closely misses you.
You shoot a sling bullet. The sling bullet hits the orc.
The orc is almost dead.
The orc hits you but does no damage. The orc hits you with a +0 whip.
The orc hits you with a +0 hand axe.
You shoot a sling bullet.
The sling bullet closely misses the orc.
The orc hits you but does no damage. The orc hits you with a +0 whip.
The orc closely misses you.
You shoot a sling bullet. The sling bullet hits the orc.
You kill the orc!
The orc barely misses you. x2
You shoot a sling bullet. The sling bullet hits the orc.
You kill the orc!
The orc hits you with a +0 whip. The orc misses you.
The orc hits you with a +1 flail of holy wrath.
You die...

. #. #.####
..#.######. #
.......... #.
........ #.#
###oo.# ...#.)@#.#
#.#.###.# #
#...###.##.#
###........# #+#
#####.#######.#
#.......##.# #
#..####.##.####..
##.#.###.#........
#..##.##......#


You could see 2 orcs.

Vanquished Creatures
  Jessica (D:2)
  A gnoll (D:1)
  An adder (D:2)
  3 orcs (D:2)
  5 endoplasms (D:1)
  3 giant cockroaches (D:1)
  5 goblins (D:1)
  3 hobgoblins
  6 jackals (D:1)
  A quokka (D:1)
  4 ball pythons (D:1)
  8 bats (D:1)
  A frilled lizard (D:1)
  2 kobolds (D:1)
  5 rats
49 creatures vanquished.

Notes
Turn   | Place    | Note
-------+----------+-------------------------------------------
     0 | D:1      | qw the Gargoyle Hexslinger began the quest for the Orb.
     0 | D:1      | Reached XP level 1. HP: 12/12 MP: 2/2
     0 | D:1      | 0 ||| qw: Version: 0.3-a-32-g5962c71
     0 | D:1      | 0 ||| qw: Game counter: 7446
     0 | D:1      | 0 ||| qw: Melee chars always use a shield: true
     0 | D:1      | 0 ||| qw: God list: Okawaru
     0 | D:1      | 0 ||| qw: Allow faded altars: false
     0 | D:1      | 0 ||| qw: Do Orc after clearing Dungeon:15 true
     0 | D:1      | 0 ||| qw: Do second Lair branch before Depths: true
     0 | D:1      | 0 ||| qw: Lair rune preference: random
     0 | D:1      | 0 ||| qw: Goals: Normal
     0 | D:1      | 0 ||| PLANNING D:1-11
    84 | D:1      | Reached XP level 2. HP: 16/16 MP: 3/3
   174 | D:1      | Reached skill level 3 in Ranged Weapons
   291 | D:1      | Reached XP level 3. HP: 21/21 MP: 4/4
   509 | D:1      | You fall into a shaft and drop 1 floor!
   544 | D:2      | Reached XP level 4. HP: 12/26 MP: 5/5
   563 | D:2      | Noticed Jessica
   574 | D:2      | HP: 6/26 [Jessica/+0 club (3)]
   578 | D:2      | Killed Jessica
   579 | D:2      | Reached skill level 4 in Ranged Weapons
   836 | D:2      | 836 ||| UPGRADING to +0 leather armour.
   846 | D:2      | 846 ||| DROPPING +0 robe.
   847 | D:2      | 847 ||| READING 5 scrolls labelled DAEQIO CADIA.
   848 | D:2      | 848 ||| READING scroll labelled JYRHARR KEUTS.
   849 | D:2      | 849 ||| READING 2 scrolls labelled EQIMUO KUIDWAH.
   850 | D:2      | 850 ||| READING 4 scrolls of identify.
   850 | D:2      | 850 ||| IDENTIFYING fizzy sapphire potion
   851 | D:2      | 851 ||| DROPPING scroll of poison.
   852 | D:2      | 852 ||| DROPPING potion of lignification.
   853 | D:2      | 853 ||| DROPPING scroll of noise.
   987 | D:1      | Found a faded altar of an unknown god.
  1227 | D:2      | HP: 5/26 [orc/+0 hand axe (6)]
  1228 | D:2      | HP: 2/26 [orc/+0 whip (3)]
  1230 | D:2      | Slain by an orc

Levels and vault maps discovered:
D:1:      onia_arrival_pentagram, layout_basic,
          ebering_ecumenical_altar_abandoned, minmay_misc_feat_five,
          minmay_distorted
D:2:      layout_loops_corners, uniq_jessica, uniq_crazy_yiuf_cottage

Skill      XL: |  1  2  3  4 |
---------------+-------------+-----
Ranged Weapons | 3 4 |  4.4
Fighting       | 2 |  2.0
Dodging        | |  1.5
Spellcasting   | |  1.0
Hexes          | |  2.6

Action                     |  1- 3 |  4- 6 || total
---------------------------+-------+-------++-------
   Fire: Sling             |   130 |    63 ||   193
    Use: Scroll            |       |     4 ||     4
 Armour: Robe              |    24 |       ||    24
         Leather armour    |       |    18 ||    18
  Dodge: Dodged            |    42 |    24 ||    66

Table legend:
 A = Non-vault XP
 B = Vault XP
 C = Vault XP percentage of total XP
 D = Non-vault monster count
 E = Vault monster count
 F = Vault count percentage of total count
                 A         B        C        D         E       F
            +---------+---------+-------+---------+---------+-------
      Total |     100 |      42 |  29.6 |      45 |       4 |   8.2
            +---------+---------+-------+---------+---------+-------
        D:1 |      75 |       5 |   6.2 |      39 |       3 |   7.1
        D:2 |      25 |      37 |  59.7 |       6 |       1 |  14.3
            +---------+---------+-------+---------+---------+-------
